 Dungeon Crawl Stone Soup version 0.30.0-19-g36f170ea60 (webtiles) character file.

Game seed: 7823586994482559606

67 olmar the Thrower (level 4, -1/32 HPs)
             Began as a Gnoll Wanderer on June 1, 2023.
             Slain by Terence
             ... wielding a +0 mace
              (10 damage)
             ... on level 3 of the Dungeon.
             The game lasted 00:03:56 (1734 turns).

olmar the Thrower (Gnoll Wanderer)                  Turns: 1734, Time: 00:03:57

Health: -1/32      AC:  4    Str: 11    XL:     4   Next: 16%
Magic:  6/8        EV: 12    Int: 17    God:
Gold:   28         SH:  0    Dex: 14    Spells: 8/9 levels left

rFire   . . .        a - +2 dagger
rCold   + . .        (no shield)
rNeg    . . .        e - +0 robe
rPois   .            q - +2 hat
rElec   .            (no cloak)
rCorr   .            (no gloves)
SInv    .            (no boots)
Will    .....        r - amulet of regeneration
Stlth   ++           h - ring of protection from cold
HPRegen 1.05/turn    f - +6 ring of dexterity
MPRegen 0.11/turn

%: no passive effects
@: very slightly contaminated
A: fangs 1, strong nose, distributed training
a: no special abilities


You were on level 3 of the Dungeon.
You visited 1 branch of the dungeon, and saw 3 of its levels.

You collected 28 gold pieces.

Inventory:

Hand Weapons
 a - a +2 dagger (weapon)
 n - a +2 mace of protection
Missiles
 b - a curare-tipped dart
 i - 5 poisoned darts
Armour
 e - a +0 robe (worn)
 q - a +2 hat (worn)
Magical Staves
 o - a staff of fire
Jewellery
 f - a +6 ring of dexterity (right hand)
 h - a ring of protection from cold (left hand)
 r - an amulet of regeneration (around neck)
 s - a +6 ring of strength
Scrolls
 d - a scroll of fog
 u - a scroll of teleportation {unknown}
 v - a scroll of identify
 w - a scroll of torment {unknown}
 x - a scroll of enchant weapon {unknown}
 y - a scroll of poison {unknown}
 z - a scroll of vulnerability {unknown}
Potions
 g - 2 potions of magic
 j - 3 potions of haste {unknown}
 k - 3 potions of mutation
 l - 3 potions of heal wounds {unknown}
 m - a potion of brilliance {unknown}
 p - a potion of ambrosia {unknown}
 t - 2 potions of attraction {unknown}
Miscellaneous
 c - a piece from Xom's chessboard (10/15) (quivered)


   Skills:
 + Level 1.1 Fighting
 + Level 1.1 Short Blades
 + Level 1.1 Long Blades
 + Level 1.1 Axes
 + Level 1.1 Maces & Flails
 + Level 1.1 Polearms
 + Level 1.1 Staves
 + Level 1.1 Ranged Weapons
 + Level 8.5 Throwing
 + Level 1.1 Armour
 + Level 2.7 Dodging
 + Level 1.1 Stealth
 + Level 1.1 Shields
 + Level 1.1 Unarmed Combat
 + Level 3.0 Spellcasting
 + Level 0.8 Conjurations
 + Level 0.8 Hexes
 + Level 2.2 Summonings
 + Level 0.8 Necromancy
 + Level 0.8 Translocations
 + Level 0.8 Transmutations
 + Level 0.8 Fire Magic
 + Level 0.8 Ice Magic
 + Level 0.8 Air Magic
 + Level 0.8 Earth Magic
 + Level 0.8 Poison Magic
 + Level 1.2 Invocations
 + Level 6.6 Evocations


You had 8 spell levels left.
You knew the following spells:

 Your Spells              Type           Power      Damage    Failure   Level
a - Summon Small Mammal   Summ           40%        N/A       7%          1

Your spell library contained the following spells:

 Spells                   Type           Power      Damage    Failure   Level
 Static Discharge         Conj/Air       10%        2-3/arc   19%         2
 Call Canine Familiar     Summ           10%        N/A       22%         3
 Portal Projectile        Hex/Tloc       10%        N/A       36%         3
 Tukima's Dance           Hex            5%         N/A       36%         3
 Summon Lightning Spire   Summ/Air       7%         N/A       67%         4
 Airstrike                Air            2%         2d(1-17)  77%         4
 Blade Hands              Tmut           2%         N/A       98%         5


Dungeon Overview and Level Annotations

Branches:
Dungeon (3/15)

Altars:

Shops:
D:2 *

Annotations:
D:3 Terence


Innate Abilities, Weirdness & Mutations

You have very sharp teeth.
Your uncanny sense of smell can sniff out nearby items.
Your experience applies equally to all skills.


Message History

You make a move on Xom's chessboard...
The jackal suddenly stops moving!
Your rat bites the hobgoblin.
The hobgoblin dies!
Terence hits you with a +0 mace.
Unknown command.
The helpless jackal fails to defend itself.
You hit the jackal.
You kill the jackal!
Your rat bites Terence but does no damage.
Terence hits you with a +0 mace!
Unknown command.
Non-targeted evoke: piece from Xom's chessboard (11/15)
Press: ? - help, Q - select action, (/) - cycle Dir - look around, f - activate Look: Terence, wielding a +0 mace, wearing a +0 ring mail and carrying a wand of flame (10) (ally target)
You make a move on Xom's chessboard...
Terence is moving more slowly.
Your rat bites Terence but does no damage.
Terence zaps a wand.
The puff of flame hits you.
Casting: Summon Small Mammal (safe; 7% risk of failure)
Confirm with . or Enter, or press ? or * to list all spells.
Your rat bites Terence but does no damage.
Unknown command.
Casting: Summon Small Mammal (safe; 7% risk of failure)
Confirm with . or Enter, or press ? or * to list all spells.
You miscast Summon Small Mammal.
You are very lightly contaminated with residual magic.
Nothing appears to happen.
Terence says, "Don't bother to defend, it's useless."
Terence zaps a wand.
The puff of flame hits you!
* * * LOW HITPOINT WARNING * * *
Your rat bites Terence. x2
You hit Terence. You bite Terence, but do no damage.
Terence is lightly wounded.
Your rat disappears in a puff of smoke!
Terence misses you.
Your rat bites Terence but does no damage.
You catch the helpless Terence completely off-guard!
You hit Terence.
Terence is lightly wounded.
Terence hits you with a +0 mace!
You die...

###†#.......
#...#.......
#######...........
#####.......###.......
###...........#.........
.......#...##...........
.....##....#...#+#......
....?.r........# ###....
.....†@@..##..## ##..
......†.......# ..
.".......###.## ∆.
.........# #.+
.........# ..#
.......... ...
.........# ...
..........


You could see Terence (petrifying, ally target) and a friendly rat (summoned).

Vanquished Creatures
  An adder (D:2)
  A worm (D:3)
  A dart slug (D:1)
  6 endoplasms
  6 goblins
  2 hobgoblins
  4 jackals (D:3)
  2 quokkas (D:1)
  3 ball pythons
  4 bats
  A frilled lizard (D:2)
  6 kobolds
  6 rats
43 creatures vanquished.

Vanquished Creatures (collateral kills)
  An endoplasm (D:1)
  A giant cockroach (D:1)
  A hobgoblin (D:3)
  2 bats
5 creatures vanquished.

Grand Total: 48 creatures vanquished

Notes
Turn   | Place    | Note
-------+----------+-------------------------------------------
     0 | D:1      | olmar the Gnoll Wanderer began the quest for the Orb.
     0 | D:1      | olmar set off with the following items: a +2 dagger, a
                  | curare-tipped dart, a piece from Xom's chessboard (15/15),
                  | a scroll of fog, a +0 robe; and the following spell
                  | memorised: Summon Small Mammal; and the following spells
                  | available to memorise: Call Canine Familiar.
     0 | D:1      | Reached XP level 1. HP: 13/13 MP: 4/4
   218 | D:1      | Reached XP level 2. HP: 8/19 MP: 5/5
   764 | D:1      | Reached XP level 3. HP: 20/25 MP: 7/7
  1136 | D:2      | Reached skill level 1 in Invocations
  1207 | D:2      | Found Zeongoxt's Assorted Antiques.
  1301 | D:2      | Found a faded altar of an unknown god.
  1463 | D:2      | Reached skill level 1 in Fighting
  1463 | D:2      | Reached skill level 1 in Short Blades
  1463 | D:2      | Reached skill level 1 in Long Blades
  1463 | D:2      | Reached skill level 1 in Axes
  1463 | D:2      | Reached skill level 1 in Maces & Flails
  1463 | D:2      | Reached skill level 1 in Polearms
  1463 | D:2      | Reached skill level 1 in Staves
  1463 | D:2      | Reached skill level 1 in Ranged Weapons
  1463 | D:2      | Reached skill level 1 in Armour
  1463 | D:2      | Reached skill level 1 in Stealth
  1463 | D:2      | Reached skill level 1 in Shields
  1463 | D:2      | Reached skill level 1 in Unarmed Combat
  1675 | D:3      | Reached XP level 4. HP: 30/32 MP: 6/8
  1720 | D:3      | Noticed Terence
  1734 | D:3      | Slain by Terence

Illustrated notes

Levels and vault maps discovered:
D:1:      elethiomel_arrival_quiet, layout_basic, skrybe_limestone_x,
          minmay_cut_off
D:2:      layout_rooms, serial_shops, nicolae_shop_hallway_stairs,
          hellmonk_ecumenical_altar_inner_sanctum, kennysheep_generic_room_16
D:3:      layout_rooms, serial_shops, shop, nicolae_shop_mannequins,
          nicolae_shop_rolling_square, uniq_terence, uniq_jessica

Skill      XL: |  1  2  3  4 |
---------------+-------------+-----
Summonings     | 2 |  2.2
Invocations    | 1 |  1.2
Fighting       | 1 |  1.1
Short Blades   | 1 |  1.1
Long Blades    | 1 |  1.1
Axes           | 1 |  1.1
Maces & Flails | 1 |  1.1
Polearms       | 1 |  1.1
Staves         | 1 |  1.1
Ranged Weapons | 1 |  1.1
Armour         | 1 |  1.1
Stealth        | 1 |  1.1
Shields        | 1 |  1.1
Unarmed Combat | 1 |  1.1
Spellcasting   | 3 |  3.0
Throwing       | |  8.5
Dodging        | |  2.7
Conjurations   | |  0.8
Hexes          | |  0.8
Necromancy     | |  0.8
Translocations | |  0.8
Transmutations | |  0.8
Fire Magic     | |  0.8
Ice Magic      | |  0.8
Air Magic      | |  0.8
Earth Magic    | |  0.8
Poison Magic   | |  0.8
Evocations     | |  6.6

Action                     |  1- 3 |  4- 6 || total
---------------------------+-------+-------++-------
  Melee: Dagger            |   169 |    12 ||   181
         Bite              |    17 |     1 ||    18
   Cast: Summon Small Mamm |    23 |     3 ||    26
  Evoke: Piece from Xom's  |     1 |     5 ||     6
    Use: Scroll            |     2 |       ||     2
   Stab: Distracted        |       |     1 ||     1
         Petrifying        |       |     1 ||     1
         Paralysed         |       |     1 ||     1
 Armour: Robe              |    53 |     4 ||    57
  Dodge: Dodged            |   133 |    19 ||   152
